AoeStats
← subutai

Arena

510253409Analyzed
1v1 RM · 1d ago on Sep 30, 2026· 41m 42s· 2 players
Game mode
Random Map
Map size
Tiny (2 player)
Population
200
Speed
Normal
Resources
Standard
Victory
Conquest
Starting age
Dark Age
Ending age
Imperial Age
RankedLock teamsTeams togetherTeam positionsShared explorationLock speedFull tech treeHidden civsTurbo modeCheats
Victory
Defeat
🇺🇸 Malians · United States
1096
+18
🇺🇸 Varangians · United States
1137
-18
rtbold
12:08 Feudal Age
16:03 Castle Age
14:12 Double-Bit Axe
16:05 Stone Mining
17:26 Horse Collar
23:34 Town Watch
24:53 Squires
26:36 Wheelbarrow
26:36 Gold Mining
28:06 Heavy Plow
28:25 Bow Saw
28:52 Scale Mail Armor
29:30 Forging
29:45 Bloodlines
33:37 Imperial Age
31:26 Scale Barding Armor
31:47 Husbandry
32:28 Hand Cart
33:40 Gold Shaft Mining
35:21 Chemistry
34:40 Farimba
35:17 Chain Barding Armor
34:46 Heavy Camel Rider
36:07 Iron Casting
35:54 Light Cavalry
37:12 Fletching
38:26 Plate Barding Armor
38:02 Elite Gbeto
39:31 Chain Mail Armor
41:07 Plate Mail Armor
subutai
6:58 Loom
10:48 Feudal Age
11:28 Double-Bit Axe
17:12 Castle Age
16:45 Forging
17:08 Bloodlines
19:45 Scale Barding Armor
19:39 Town Watch
20:55 Bow Saw
22:49 Husbandry
25:54 Wheelbarrow
28:26 Iron Casting
28:06 Horse Collar
29:10 Hand Cart
30:56 Heavy Plow
31:49 Devotion
31:35 Light Cavalry
33:54 Gold Mining
37:05 Imperial Age
35:55 Chain Barding Armor
35:28 Fletching
37:47 Hussar
38:52 Squires
38:38 Arson
41:08 Scale Mail Armor
Connection lost

Rejoining the realm…

Still unreachable

The connection could not be restored.

Session expired

The server has moved on; the page needs a fresh start.